ESL (28 & UNDER)
KINGSTON IGUANAS @ BUTLER WHITE SOX
09/07/2029
 
TOP OF THE 1ST
Kingston Iguanas batting - Pitching for Butler White Sox : LHP Jason Dean
Pitching: LHP Jason Dean
Batting: RHB Ron Campbell 0-0: Ball
1-0: DOUBLE (Groundball, 5L)
Batting: RHB Sergio Mata 0-0: Ball
1-0: Ground out 4-3 (Groundball, 4)
Ron Campbell to third
Batting: LHB Gustavo Gómez 0-0: Ball
1-0: Fly out, F5 (Popup, 25F)
Batting: LHB Henry Durham 0-0: Ball
1-0: DOUBLE (Line Drive, 7LM)
Ron Campbell scores
Batting: RHB Francisco Martínez 0-0: Fly out, F1 (Line Drive, 13)
Top of the 1st over - 1 run, 2 hits, 0 errors, 1 left on base; Kingston 1 - Butler 0
BOTTOM OF THE 1ST
Butler White Sox batting - Pitching for Kingston Iguanas : RHP Josh Young
Pitching: RHP Josh Young
Batting: RHB Ángel Serrano 0-0: Swinging Strike
0-1: Swinging Strike
0-2: Ground out 1-3 (Groundball, P)
Batting: RHB Luis Alvarado 0-0: Called Strike
0-1: Ball
1-1: Foul Ball, location: 2F
1-2: Strikes out swinging
Batting: SHB Ben Marks 0-0: Called Strike
0-1: Called Strike
0-2: Ball
1-2: Foul Ball, location: 2F
1-2: Strikes out looking
Bottom of the 1st over - 0 runs, 0 hits, 0 errors, 0 left on base; Kingston 1 - Butler 0
TOP OF THE 2ND
Kingston Iguanas batting - Pitching for Butler White Sox : LHP Jason Dean
Batting: RHB Andrés Bustamante 0-0: SOLO HOME RUN (Line Drive, 78XD), Distance : 392 ft
Batting: RHB Tim Davis 0-0: Fly out, F3 (Popup, 3SF)
Batting: RHB Manuel Gómez 0-0: Foul Ball, location: 2F
0-1: Swinging Strike
0-2: Ground out 6-3 (Groundball, 6)
Batting: LHB Marvin Nichols 0-0: Ball
1-0: Ball
2-0: Foul Ball, location: 2F
2-1: Swinging Strike
2-2: Ball
3-2: Strikes out swinging
Top of the 2nd over - 1 run, 1 hit, 0 errors, 0 left on base; Kingston 2 - Butler 0
BOTTOM OF THE 2ND
Butler White Sox batting - Pitching for Kingston Iguanas : RHP Josh Young
Batting: RHB Bobby Murdock 0-0: Called Strike
0-1: Ball
1-1: Ball
2-1: Foul Ball, location: 2F
2-2: Strikes out swinging
Batting: LHB Josh Pérez 0-0: Called Strike
0-1: SINGLE (Groundball, 3D)
Batting: LHB Thomas Dixon 0-0: Ball
1-0: Called Strike
1-1: Ball
2-1: Foul Ball, location: 2F
2-2: Strikes out swinging
Batting: RHB Raúl Ruíz 0-0: Ball
1-0: Called Strike
1-1: Called Strike
1-2: Ball
2-2: Ball
3-2: Foul Ball, location: 2F
3-2: Strikes out looking
Bottom of the 2nd over - 0 runs, 1 hit, 0 errors, 1 left on base; Kingston 2 - Butler 0
TOP OF THE 3RD
Kingston Iguanas batting - Pitching for Butler White Sox : LHP Jason Dean
Batting: RHB Ron Campbell 0-0: Called Strike
0-1: Swinging Strike
0-2: DOUBLE (Groundball, 5L)
Batting: RHB Sergio Mata 0-0: Ground out 6-3 (Groundball, 6)
Batting: LHB Gustavo Gómez 0-0: Swinging Strike
0-1: Called Strike
Ron Campbell is caught stealing 3rd base
0-2: Strikes out swinging
Top of the 3rd over - 0 runs, 1 hit, 0 errors, 0 left on base; Kingston 2 - Butler 0
BOTTOM OF THE 3RD
Butler White Sox batting - Pitching for Kingston Iguanas : RHP Josh Young
Batting: RHB Jerry Moore 0-0: Ball
1-0: Swinging Strike
1-1: Ball
2-1: Swinging Strike
2-2: Strikes out swinging
Batting: RHB José Darias 0-0: Called Strike
0-1: Ball
1-1: Ball
2-1: Swinging Strike
2-2: Reached via error on a dropped throw, E1
Batting: RHB Ángel Serrano 0-0: Ball
1-0: Ball
2-0: Swinging Strike
2-1: Ball
3-1: Swinging Strike
3-2: Strikes out swinging
Batting: RHB Luis Alvarado 0-0: Ball
José Darias steals 2nd base
1-0: Ground out 6-3 (Groundball, 6MS)
Bottom of the 3rd over - 0 runs, 0 hits, 1 error, 1 left on base; Kingston 2 - Butler 0
TOP OF THE 4TH
Kingston Iguanas batting - Pitching for Butler White Sox : LHP Jason Dean
Batting: LHB Henry Durham 0-0: Ground out 6-3 (Groundball, 6M)
Batting: RHB Francisco Martínez 0-0: Fly out, F4 (Line Drive, 4)
Batting: RHB Andrés Bustamante 0-0: Called Strike
0-1: Foul Ball, location: 2F
0-2: SINGLE (Flyball, 9S)
Batting: RHB Tim Davis 0-0: Ball
1-0: Ball
2-0: Called Strike
2-1: Called Strike
2-2: DOUBLE (Line Drive, 89D)
Andrés Bustamante to third
Runner from 3rd tries for Home, SAFE, no throw
Batting: RHB Manuel Gómez 0-0: Ball
1-0: Ball
2-0: Ball
3-0: Called Strike
3-1: Ground out U3 (Groundball, 34S)
Top of the 4th over - 1 run, 2 hits, 0 errors, 1 left on base; Kingston 3 - Butler 0
BOTTOM OF THE 4TH
Butler White Sox batting - Pitching for Kingston Iguanas : RHP Josh Young
Batting: SHB Ben Marks 0-0: Fly out, F7 (Flyball, 7LSF)
Batting: RHB Bobby Murdock 0-0: Ground out 6-3 (Groundball, 6M)
Batting: LHB Josh Pérez 0-0: Ball
1-0: Fly out, F8 (Flyball, 8RXD)
Bottom of the 4th over - 0 runs, 0 hits, 0 errors, 0 left on base; Kingston 3 - Butler 0
TOP OF THE 5TH
Kingston Iguanas batting - Pitching for Butler White Sox : LHP Jason Dean
Batting: LHB Marvin Nichols 0-0: Ball
1-0: Ground out 3-1 (Groundball, 34S)
Batting: RHB Ron Campbell 0-0: Foul Ball, location: 2F
0-1: Fly out, F7 (Flyball, 7LS)
Batting: RHB Sergio Mata 0-0: Ball
1-0: Called Strike
1-1: Ball
2-1: Ball
3-1: Fly out, F6 (Line Drive, 6M)
Top of the 5th over - 0 runs, 0 hits, 0 errors, 0 left on base; Kingston 3 - Butler 0
BOTTOM OF THE 5TH
Butler White Sox batting - Pitching for Kingston Iguanas : RHP Josh Young
Batting: LHB Thomas Dixon 0-0: Swinging Strike
0-1: Called Strike
0-2: Strikes out swinging
Batting: RHB Raúl Ruíz 0-0: Ball
1-0: Called Strike
1-1: Called Strike
1-2: Ball
2-2: Ground out 3-1 (Groundball, 34)
Batting: RHB Jerry Moore 0-0: Ball
1-0: Fly out, F4 (Popup, 4MD)
Bottom of the 5th over - 0 runs, 0 hits, 0 errors, 0 left on base; Kingston 3 - Butler 0
TOP OF THE 6TH
Kingston Iguanas batting - Pitching for Butler White Sox : LHP Jason Dean
Batting: LHB Gustavo Gómez 0-0: Ball
1-0: Swinging Strike
1-1: Called Strike
1-2: Foul Ball, location: 2F
1-2: Foul Ball, location: 2F
1-2: SINGLE (Groundball, 34D)
Batting: LHB Henry Durham 0-0: Grounds into double play, 4-6-3 (Groundball, 4)
Batting: RHB Francisco Martínez 0-0: Ground out U3 (Groundball, 3)
Top of the 6th over - 0 runs, 1 hit, 0 errors, 0 left on base; Kingston 3 - Butler 0
BOTTOM OF THE 6TH
Butler White Sox batting - Pitching for Kingston Iguanas : RHP Josh Young
Batting: RHB José Darias 0-0: SINGLE (Groundball, 56D)
Batting: RHB Ángel Serrano 0-0: SINGLE (Groundball, 6MD)
José Darias to second
Runner from 2nd tries for 3rd, OUT!
Batting: RHB Luis Alvarado 0-0: Called Strike
0-1: Ball
1-1: Foul Ball, location: 2F
1-2: Fly out, F9 (Line Drive, 9)
Batting: SHB Ben Marks 0-0: Called Strike
0-1: Ball
1-1: Ball
2-1: Ball
3-1: Base on Balls
Ángel Serrano to second
Batting: RHB Bobby Murdock 0-0: Ball
1-0: Ball
2-0: Called Strike
2-1: Ball
3-1: Called Strike
3-2: Base on Balls
Ángel Serrano to third
Ben Marks to second
Batting: LHB Josh Pérez 0-0: Swinging Strike
0-1: SINGLE (Groundball, 34D)
Ángel Serrano scores
Ben Marks to third
Bobby Murdock to second
Runner from 3rd tries for Home, throw and OUT!
Bottom of the 6th over - 1 run, 3 hits, 0 errors, 2 left on base; Kingston 3 - Butler 1
TOP OF THE 7TH
Kingston Iguanas batting - Pitching for Butler White Sox : LHP Jason Dean
Batting: RHB Andrés Bustamante 0-0: Ball
1-0: Foul Ball, location: 2F
1-1: Ground out U3 (Groundball, 34S)
Batting: RHB Tim Davis 0-0: Ball
1-0: Called Strike
1-1: Called Strike
1-2: Ball
2-2: Foul Ball, location: 2F
2-2: Ball
3-2: Foul Ball, location: 2F
3-2: Base on Balls
Batting: RHB Manuel Gómez 0-0: Fly out, F8 (Flyball, 89D)
Batting: LHB Marvin Nichols 0-0: Ball
Tim Davis is caught stealing 2nd base
Top of the 7th over - 0 runs, 0 hits, 0 errors, 0 left on base; Kingston 3 - Butler 1
BOTTOM OF THE 7TH
Butler White Sox batting - Pitching for Kingston Iguanas : RHP Josh Young
Batting: LHB Thomas Dixon 0-0: Ball
1-0: Ball
2-0: Ground out U3 (Groundball, 3)
Batting: RHB Raúl Ruíz 0-0: Called Strike
0-1: Called Strike
0-2: Strikes out swinging
Batting: RHB Jerry Moore 0-0: Ball
1-0: Ball
2-0: Called Strike
2-1: Foul Ball, location: 2F
2-2: SINGLE (Line Drive, 9S)
Batting: RHB José Darias 0-0: Called Strike
0-1: Ball
1-1: Ground out U3 (Groundball, 34)
Bottom of the 7th over - 0 runs, 1 hit, 0 errors, 1 left on base; Kingston 3 - Butler 1
TOP OF THE 8TH
Kingston Iguanas batting - Pitching for Butler White Sox : LHP Jason Dean
Batting: LHB Marvin Nichols 0-0: Ball
1-0: Ball
2-0: SINGLE (Line Drive, 7S)
Batting: RHB Ron Campbell 0-0: Bunted foul
0-1: Called Strike
0-2: Ball
1-2: Strikes out looking
Batting: RHB Sergio Mata 0-0: Ball
1-0: Foul Ball, location: 2F
1-1: Ball
2-1: Ball
3-1: Foul Ball, location: 2F
3-2: Base on Balls
Marvin Nichols to second
Batting: LHB Gustavo Gómez 0-0: Grounds into double play, 4-6-3 (Groundball, 4)
Top of the 8th over - 0 runs, 1 hit, 0 errors, 1 left on base; Kingston 3 - Butler 1
BOTTOM OF THE 8TH
Butler White Sox batting - Pitching for Kingston Iguanas : RHP Josh Young
Batting: RHB Ángel Serrano 0-0: Ball
1-0: SOLO HOME RUN (Flyball, 7D), Distance : 347 ft
Batting: RHB Luis Alvarado 0-0: Called Strike
0-1: Ball
1-1: Ball
2-1: Ground out U3 (Groundball, 3S)
Pitching: RHP Ron Jenkins
Batting: SHB Ben Marks 0-0: Foul Ball, location: 2F
0-1: Ground out 4-3 (Groundball, 4)
Batting: RHB Bobby Murdock 0-0: Ball
1-0: Foul Ball, location: 2F
1-1: SINGLE (Flyball, 8RS)
Pitching: LHP Jeff Minnich
Pinch Hitting: RHB Tom Lang 0-0: Called Strike
0-1: Ball
Wild Pitch!
Bobby Murdock to second
1-1: Foul Ball, location: 2F
1-2: Strikes out swinging
Bottom of the 8th over - 1 run, 2 hits, 0 errors, 1 left on base; Kingston 3 - Butler 2
TOP OF THE 9TH
Kingston Iguanas batting - Pitching for Butler White Sox : LHP Jason Dean
Now at 1B: Tom Lang
Batting: LHB Henry Durham 0-0: SINGLE (Groundball, 56D)
Batting: RHB Francisco Martínez 0-0: Called Strike
0-1: Foul Ball, location: 2F
0-2: Foul Ball, location: 2F
0-2: Ball
1-2: Foul Ball, location: 2F
1-2: Strikes out swinging
Batting: RHB Andrés Bustamante 0-0: Called Strike
0-1: Foul Ball, location: 2F
0-2: Ball
1-2: Foul Ball, location: 2F
1-2: Ball
2-2: Strikes out swinging
Batting: RHB Tim Davis 0-0: Foul Ball, location: 2F
0-1: Foul Ball, location: 2F
0-2: Ball
1-2: Ball
2-2: Strikes out looking
Top of the 9th over - 0 runs, 1 hit, 0 errors, 1 left on base; Kingston 3 - Butler 2
BOTTOM OF THE 9TH
Butler White Sox batting - Pitching for Kingston Iguanas : LHP Jeff Minnich
Batting: LHB Thomas Dixon 0-0: Hit by Pitch
Pitching: RHP Guo-fang Juan
Batting: RHB Raúl Ruíz 0-0: Ball
1-0: Sac Bunt - play at first, batter OUT! 5-4
Thomas Dixon to second
Batting: RHB Jerry Moore 0-0: Ball
1-0: Ball
2-0: Ball
3-0: Base on Balls
Pinch Hitting: SHB Pedro Martínez 0-0: Ball
Wild Pitch!
Thomas Dixon to third
Jerry Moore to second
1-0: Ball
2-0: Foul Ball, location: 2F
2-1: Swinging Strike
2-2: Strikes out swinging
Batting: RHB Ángel Serrano 0-0: Called Strike
0-1: Ball
1-1: Swinging Strike
1-2: Foul Ball, location: 2F
1-2: Strikes out swinging
Bottom of the 9th over - 0 runs, 0 hits, 0 errors, 2 left on base; Kingston 3 - Butler 2
Saturday, December 16th, 2017 - OOTP Baseball 18.8 Build 76